AoeStats
← 牛油果

Nomad

509633479Analyzed
4v4 RM · 5d ago on Sep 27, 2026· 57m 57s· 8 players
Game mode
Random Map
Map size
231×231
Population
200
Speed
Normal
Resources
Standard
Victory
Conquest
Starting age
Dark Age
Ending age
Imperial Age
RankedLock teamsTeams togetherTeam positionsShared explorationLock speedFull tech treeHidden civsTurbo modeCheats
Victory
Defeat
1648
+12
🇨🇳 Franks · China
1612
+13
🇵🇹 Berbers · Portugal
1563
+15
🇪🇸 Koreans · Spain
1469
+20
🇭🇰 Persians · Hong Kong SAR China
1613
-17
🇭🇰 Cumans · Hong Kong SAR China
1567
-16
🇭🇰 Italians · Hong Kong SAR China
1531
-14
🇭🇰 Byzantines · Hong Kong SAR China
1493
-13
牛油果
12:51 Loom
15:03 Feudal Age
16:07 Double-Bit Axe
16:03 Fishing Lines
19:27 Castle Age
17:30 Horse Collar
18:59 Bloodlines
20:05 Bow Saw
23:16 Wheelbarrow
23:17 Heavy Plow
24:21 Scale Barding Armor
26:48 Hand Cart
27:25 Husbandry
27:56 Gold Mining
29:41 Town Watch
30:33 Gold Shaft Mining
29:48 Stone Mining
30:19 Chain Barding Armor
30:09 Forging
30:03 Light Cavalry
33:47 Iron Casting
37:57 Imperial Age
37:40 Heavy Camel Rider
39:21 Two-Man Saw
38:53 Crop Rotation
39:00 Plate Barding Armor
38:46 Conscription
39:39 Cavalier
44:07 Blast Furnace
44:24 Stone Shaft Mining
44:52 Chemistry
46:10 Padded Archer Armor
46:22 Masonry
46:33 Ballistics
46:09 Murder Holes
50:14 Scale Mail Armor
50:43 Squires
50:29 Arson
51:27 Chain Mail Armor
51:14 Pikeman
51:56 Fletching
52:13 Crossbowman
53:00 Thumb Ring
53:30 Kamandaran
53:28 Bodkin Arrow
53:49 Leather Archer Armor
54:04 Plate Mail Armor
54:05 Architecture
馬仔
3:32 Loom
16:27 Feudal Age
17:20 Fishing Lines
18:04 Double-Bit Axe
20:59 Castle Age
19:32 Stone Mining
20:00 Horse Collar
22:35 Wheelbarrow
27:50 Fletching
35:43 Imperial Age
33:43 Bodkin Arrow
34:13 Ballistics
34:29 Padded Archer Armor
34:52 Town Watch
35:06 Gold Mining
36:49 Conscription
37:47 Chemistry
38:12 Caravan
38:38 Bow Saw
39:27 Bracer
39:59 Thumb Ring
40:06 Thumb Ring
43:49 Leather Archer Armor
42:59 Elite Genoese Crossbowman
44:02 Silk Road
45:52 Pirotechnia
47:42 Hand Cart
47:40 Masonry
47:40 Town Patrol
49:39 Ring Archer Armor
49:45 Block Printing
52:02 Sanctity
羅敏莊
5:31 Loom
13:14 Feudal Age
14:47 Fishing Lines
14:54 Double-Bit Axe
15:29 Horse Collar
21:12 Wheelbarrow
22:54 Castle Age
24:06 Gold Mining
24:06 Stone Mining
24:27 Bow Saw
24:19 Heavy Plow
30:27 Imperial Age
28:52 Gold Shaft Mining
29:31 Bloodlines
29:40 Scale Barding Armor
29:45 Forging
30:36 Cavalier
31:49 Chain Barding Armor
32:06 Conscription
34:30 Iron Casting
34:50 Paladin
36:37 Plate Barding Armor
39:54 Hand Cart
39:25 Town Watch
40:47 Blast Furnace
41:48 Masonry
41:59 Ballistics
43:27 Steppe Husbandry
42:58 Elite Steppe Lancer
43:48 Scale Mail Armor
44:43 Pikeman
45:24 Squires
45:09 Arson
45:41 Halberdier
46:51 Chain Mail Armor
48:55 Two-Man Saw
47:58 Town Patrol
50:22 Coinage
51:01 Elite Kipchak
52:30 Fletching
52:41 Padded Archer Armor
52:08 Light Cavalry
53:32 Bodkin Arrow
54:42 Chemistry
53:38 Murder Holes
54:36 Crop Rotation
55:43 Leather Archer Armor
56:09 Hussar
局長
4:54 Loom
14:35 Feudal Age
15:11 Double-Bit Axe
20:39 Castle Age
18:38 Stone Mining
18:59 Gold Mining
20:59 Wheelbarrow
20:27 Horse Collar
26:06 Bow Saw
28:17 Heavy Plow
34:45 Imperial Age
32:33 Fletching
32:43 Padded Archer Armor
33:10 Treadmill Crane
34:09 Bodkin Arrow
34:30 Leather Archer Armor
36:52 Hand Cart
36:39 Bracer
37:10 Ring Archer Armor
36:01 Crossbowman
39:41 Ballistics
40:21 Chemistry
40:38 Conscription
39:45 Arbalester
40:31 Thumb Ring
Pelopincho
4:12 Loom
13:34 Feudal Age
15:27 Double-Bit Axe
17:56 Castle Age
16:06 Fishing Lines
18:26 Fletching
18:40 Town Watch
19:06 Bow Saw
18:51 Gold Mining
20:35 Bodkin Arrow
23:05 Wheelbarrow
25:37 Gillnets
28:02 Ballistics
29:06 Gold Shaft Mining
28:22 Stone Mining
28:14 Horse Collar
29:27 Hand Cart
30:20 Heavy Plow
31:42 Scale Mail Armor
31:53 Forging
31:46 Squires
32:51 Chain Mail Armor
32:15 Pikeman
33:42 Husbandry
36:03 Stone Shaft Mining
38:09 Imperial Age
37:54 Eupseong
37:38 Treadmill Crane
37:54 Murder Holes
39:16 Iron Casting
39:29 Plate Mail Armor
38:22 Halberdier
39:26 Conscription
38:55 Arrowslits
39:21 Masonry
40:39 Chemistry
40:11 Architecture
41:27 Bracer
41:38 Siege Engineers
45:30 Two-Man Saw
45:56 Caravan
50:28 Capped Ram
52:24 Heavy Rocket Cart
53:17 Man-at-Arms
53:18 Elite Fire Lancer
53:43 Arson
55:06 Long Swordsman
SAVIOR
4:44 Loom
12:53 Feudal Age
16:15 Double-Bit Axe
19:21 Castle Age
18:23 Fishing Lines
18:44 Double-Bit Axe
21:45 Wheelbarrow
21:45 Bow Saw
23:23 Gillnets
24:36 Hand Cart
24:35 Town Watch
30:55 Imperial Age
28:20 Gold Mining
30:36 Husbandry
31:26 Gold Shaft Mining
30:58 Scale Barding Armor
31:04 Forging
31:02 Cavalier
32:56 Chain Barding Armor
33:11 Iron Casting
32:24 Paladin
35:04 Plate Barding Armor
35:37 Conscription
34:41 Light Cavalry
38:14 Blast Furnace
37:22 Town Patrol
38:32 Scale Mail Armor
40:09 Ordonnance Companies
41:04 Chivalry
41:41 Hoardings
43:03 Pikeman
43:43 Squires
43:59 Chain Mail Armor
43:49 Arson
43:50 Gambesons
46:11 Plate Mail Armor
45:02 Halberdier
45:55 Capped Ram
46:41 Onager
48:23 Fletching
55:11 Caravan
Santoryu
4:38 Loom
13:27 Feudal Age
14:05 Double-Bit Axe
15:03 Fishing Lines
21:47 Castle Age
22:42 Bow Saw
23:36 Medium Warships
23:35 Gillnets
26:30 Wheelbarrow
27:21 Horse Collar
27:34 Stone Mining
27:40 Gold Mining
29:16 Hand Cart
30:30 Bloodlines
30:53 Fletching
31:32 Scale Barding Armor
32:08 Bodkin Arrow
37:48 Imperial Age
36:17 Gold Shaft Mining
36:17 Stone Shaft Mining
36:37 Padded Archer Armor
37:53 Ballistics
37:49 Leather Archer Armor
38:26 Husbandry
39:34 Chemistry
38:40 Siege Engineers
39:02 Bracer
39:33 Ring Archer Armor
39:53 Conscription
39:29 Elite Camel Archer
40:45 Ring Archer Armor
41:27 Maghrebi Camels
43:05 Chain Barding Armor
42:55 Forging
42:06 Light Cavalry
42:53 Hussar
45:19 Plate Barding Armor
46:01 Iron Casting
48:36 Blast Furnace
50:07 Careening
50:10 Masonry
50:37 Hoardings
56:28 Caravan
Kamáximo Décimo Meridio
4:53 Loom
12:33 Feudal Age
16:40 Castle Age
15:18 Double-Bit Axe
16:25 Forging
17:35 Medium Warships
18:59 Bow Saw
21:20 Fishing Lines
22:19 Town Watch
23:09 Wheelbarrow
23:42 Gillnets
25:11 Horse Collar
29:31 Hand Cart
35:39 Imperial Age
34:10 Scale Barding Armor
34:49 Husbandry
34:59 Bloodlines
35:11 Chain Barding Armor
34:45 Gold Mining
34:46 Stone Mining
35:37 Heavy Plow
36:13 Gold Shaft Mining
37:24 Plate Barding Armor
37:37 Conscription
37:08 Heavy Camel Rider
38:29 Masonry
38:25 Treadmill Crane
39:31 Architecture
41:44 Iron Casting
41:46 Crop Rotation
41:52 Stone Shaft Mining
42:54 Farimba
44:58 Fortified Wall
45:48 Chemistry
46:03 Coinage
47:15 Caravan
46:42 Onager
46:47 Light Cavalry
48:38 Hoardings
48:04 Tigui
49:00 Murder Holes
49:25 Ballistics
48:57 Fletching
49:35 Bodkin Arrow
50:15 Banking
49:48 Siege Onager
50:56 Devotion
51:24 Cavalier
54:37 Fortified Wall
55:37 Guilds
57:16 Town Patrol
Connection lost

Rejoining the realm…

Still unreachable

The connection could not be restored.

Session expired

The server has moved on; the page needs a fresh start.